 Dungeon Crawl Stone Soup version 0.29-a0-409-gd843f3a48c (webtiles) character file.

Game seed: 1790387244742232605

7625 zazu2006 the Thaumaturge (level 11, -9/93 HPs)
             Began as a Naga Hedge Wizard on May 14, 2022.
             Was an Initiate of Vehumet.
             Killed from afar by Lodul (39 damage)
             ... with a bolt of lightning
             ... on level 10 of the Dungeon.
             The game lasted 00:39:56 (14843 turns).

zazu2006 the Thaumaturge (Naga Hedge Wizard)       Turns: 14843, Time: 00:39:57

Health: -9/93      AC: 10    Str: 14    XL:     11   Next: 18%
Magic:  18/23      EV: 10    Int: 24    God:    Vehumet [......]
Gold:   656        SH:  0    Dex:  7    Spells: 17/26 levels left

rFire   + . .      SeeInvis +   S - +5 scimitar of Plunder {vorpal, rN+ Int+7 Dex-4}
rCold   . . .      Faith    .   (no shield)
rNeg    + . .      Spirit   .   K - +2 robe {Will+}
rPois   +          Reflect  .   u - +0 helmet
rElec   .          Harm     .   C - +0 cloak
rCorr   +          Rampage  .   y - +0 pair of gloves
Will    ++...                   (no barding)
Stlth   +++.......              r - amulet of the acrobat
HPRegen 0.25/turn               m - ring of protection from fire
MPRegen 0.18/turn               q - ring of resist corrosion

@: very slow
A: AC +3, large, see invisible, deformed body, poison resistance, slowness 2,
spit poison 1, naga tail 1
a: Spit Poison, Renounce Religion


You were on level 10 of the Dungeon.
You worshipped Vehumet.
Vehumet was noncommittal.
You visited 2 branches of the dungeon, and saw 11 of its levels.
You also visited: Ossuary and Bailey.

You collected 977 gold pieces.
You spent 321 gold pieces at shops.

Inventory:

Hand Weapons
 J - a +4 scimitar
 N - a +0 scimitar of flaming
 S - the +5 scimitar of Plunder (weapon) {vorpal, rN+ Int+7 Dex-4}
   (You bought it in a shop on level 10 of the Dungeon)

   It inflicts extra damage upon your enemies.
   Int:       It affects your intelligence (+7).
   Dex:       It affects your dexterity (-4).
   rN:        It protects you from negative energy.
Missiles
 h - 6 curare-tipped darts
 x - 3 throwing nets
Armour
 u - a +0 helmet (worn)
 y - a +0 pair of gloves (worn)
 C - a +0 cloak (worn)
 I - a +1 ring mail of cold resistance
 K - a +2 robe of willpower (worn)
Jewellery
 b - a ring of flight
 m - a ring of protection from fire (left hand)
 q - a ring of resist corrosion (right hand)
 r - an amulet of the acrobat (around neck)
Wands
 a - a wand of iceblast (13)
 t - a wand of charming (3)
 A - a wand of flame (21)
 D - a wand of digging (7)
 P - a wand of acid (7)
Scrolls
 c - a scroll of fear {unknown}
 g - 2 scrolls of silence
 i - 3 scrolls of amnesia
 l - 4 scrolls of brand weapon
 n - 6 scrolls of teleportation
 p - 4 scrolls of enchant armour
 w - 3 scrolls of magic mapping
 z - 3 scrolls of enchant weapon
 L - 2 scrolls of noise
 M - a scroll of acquirement {unknown}
 O - a scroll of blinking {unknown}
 Q - a scroll of identify
 R - a scroll of poison
Potions
 d - a potion of magic
 e - 3 potions of might
 f - 3 potions of curing
 j - 5 potions of lignification {unknown}
 o - 6 potions of flight
 s - 4 potions of heal wounds {unknown}
 v - 2 potions of berserk rage {unknown}
 E - 3 potions of mutation
 F - a potion of ambrosia
 G - 3 potions of attraction
 H - 2 potions of haste


   Skills:
 + Level 4.9 Fighting
 + Level 4.2 Long Blades
 * Level 2.8 Armour
 + Level 5.0 Dodging
 + Level 8.2 Stealth
 + Level 8.4 Spellcasting
 + Level 7.4 Conjurations
 + Level 1.0 Summonings
 + Level 2.0 Translocations
 + Level 1.0 Fire Magic
 + Level 2.8 Air Magic
 + Level 4.9 Poison Magic
 + Level 3.4 Evocations


You had 17 spell levels left.
You knew the following spells:

 Your Spells              Type           Power      Damage    Failure   Level
a - Magic Dart            Conj           100%       1d8       1%          1
b - Mephitic Cloud        Conj/Pois/Air  34%        N/A       2%          3
c - Conjure Flame         Conj/Fire      30%        6-21      3%          3
d - Blink                 Tloc           38%        N/A       4%          2

Your spell library contained the following spells:

 Spells                   Type           Power      Damage    Failure   Level
 Apportation              Tloc           38%        N/A       2%          1
 Summon Small Mammal      Summ           56%        N/A       4%          1
 Stone Arrow              Conj/Erth      54%        3d10      4%          3
 Animate Skeleton         Necr           20%        N/A       6%          1
 Slow                     Hex            40%        N/A       6%          1
 Call Imp                 Summ           14%        N/A       6%          2
 Scorch                   Fire           30%        2d6       6%          2
 Gell's Gravitas          Tloc           19%        N/A       9%          3
 Lesser Beckoning         Tloc           19%        N/A       9%          3
 Teleport Other           Tloc           19%        N/A       9%          3
 Iskenderun's Battlesphe  Conj           45%        2d10      9%          5
 Flame Wave               Conj/Fire      30%        2d8       11%         4
 Portal Projectile        Hex/Tloc       28%        N/A       12%         3
 Hailstorm                Conj/Ice       27%        3d7       14%         4
 Inner Flame              Hex/Fire       12%        N/A       16%         3
 Animate Armour           Summ/Erth      24%        N/A       45%         4
 Cause Fear               Hex            5%         N/A       52%         4
 Blade Hands              Tmut           5%         N/A       86%         5
 Excruciating Wounds      Necr           5%         N/A       86%         5
 Iron Shot                Conj/Erth      13%        9d3       91%         6
 Summon Cactus Giant      Summ           7%         N/A       99%         6
 Spellforged Servitor     Conj/Summ      15%        N/A       100%        7
 Discord                  Hex            5%         N/A       100%        8
 Lehudib's Crystal Spear  Conj/Erth      13%        10d5      100%        8


Dungeon Overview and Level Annotations

Branches:
Dungeon (10/15)            Temple (1/1) D:6            Lair (0/6) D:9
    Orc (0/2) D:9         Ossuary (visited)          Bailey (visited)

Altars:
Ashenzari
Cheibriados
Dithmenos
Elyvilon
Fedhas
Gozag
Hepliaklqana
Kikubaaqudgha
Makhleb
Nemelex Xobeh
Okawaru
Qazlal
Ru
Sif Muna
Trog
Uskayaw
Vehumet
Wu Jian
Xom
Yredelemnul
Zin
The Shining One

Shops:
D:5 (   D:7 *[=   D:8 (   D:9 :   D:10 [(*(

Annotations:
D:9 2 transporters, bastard's ghost, journeyman KoBe
D:10 Lodul; Snorg


Innate Abilities, Weirdness & Mutations

Your serpentine skin is tough. (AC +3)
You have supernaturally acute eyesight. (SInv)
Armour fits poorly on your strangely shaped body.
Your system is resistant to poisons. (rPois)
You cover ground very slowly.
You can spit poison.
You have a snake-like lower body.


Message History

The ogre shouts!
You hear a shout! x2
An ogre comes into view.
It is wielding a +0 giant spiked club. x2
Found a potion of haste.
There are monsters nearby!
Casting: Mephitic Cloud (mildly dangerous; 2% risk of failure)
Confirm with . or Enter, or press ? or * to list all spells.
The fire begins to smoulder!
The ogre shouts! x2; Snorg shouts!
An ogre comes into view. It is wielding a +0 giant club.
An ogre comes into view. It is wielding a +0 giant club.
The fire ignites!
Casting: Conjure Flame (mildly dangerous; 3% risk of failure)
Confirm with . or Enter, or press ? or * to list all spells.
Aiming: Mephitic Cloud (mildly dangerous; 2% risk of failure)
Press: ? - help, Shift-Dir - straight line, f - Snorg
Aim: Snorg (chance to affect: 62%)
The ball explodes into a vile cloud!
The stinking cloud engulfs Snorg but does no damage.
The ogre shouts!
You hear a shout!
Snorg is engulfed in noxious fumes.
Lodul the Thundrous comes into view.
He is wielding a +2 great mace of draining.
You hit Snorg.
Snorg is lightly wounded.
Snorg is engulfed in blazing flames.
Snorg completely misses you. Snorg closely misses you. Snorg claws you!
Electricity crackles from Lodul's apparatus.
The bolt of lightning hits you!!
You closely miss Snorg.
Snorg is lightly wounded.
Snorg is engulfed in blazing flames.
Snorg bites you but does no damage. Snorg claws you!
Snorg claws you but does no damage.
An ogre comes into view. It is wielding a +0 giant club.
The ogre is engulfed in noxious fumes.
You hit Snorg.
Snorg is moderately wounded.
Snorg is engulfed in blazing flames.
Snorg bites you! Snorg claws you. Snorg barely misses you.
Electricity crackles from Lodul's apparatus.
The bolt of lightning hits you!!!
You die...

.....#.# O.........#
#^####.#...O.O.!....#
............O.O.....#
.$.....##...........
.......# .....O...
#####+## ... O○. ##
#O# #T# #@# +#####
#.# .....#
#######.#######.
.....#
................
.....+
#######.#######.
.....# #.# .....#
##.# ###### #..# #.##


You could see Snorg, Lodul and 4 ogres.

Vanquished Creatures
  Grinder (D:3)
  2 trolls
  A tyrant leech (D:10)
  A ynoxinul (D:8)
  A wraith (D:7)
  10 yaks
  A warg (D:9)
  2 swamp worms (D:10)
  3 water moccasins
  An ice beast (D:8)
  2 sky beasts (D:7)
  A black bear (D:7)
  8 orc warriors
  A centaur (D:8)
  5 ogres
  4 bullfrogs
  A gnoll sergeant (D:6)
  2 scorpions
  2 water moccasin zombies (Ossuary)
  19 wights
  4 killer bees (D:7)
  A howler monkey (D:5)
  3 hounds
  3 orc priests (D:9)
  A gnoll shaman (D:8)
  2 iguanas
  Ijyb (D:3)
  10 orc wizards
  2 mummies (Ossuary)
  11 adders
  15 gnolls
  2 white imps (D:7)
  5 adder zombies (Ossuary)
  6 worms
  21 orcs
  5 bats
  4 endoplasms
  5 giant cockroaches
  3 gnoll zombies (Ossuary)
  18 goblins
  13 hobgoblins
  5 jackals
  4 quokkas
  11 ball pythons
  9 frilled lizards
  3 hobgoblin zombies (Ossuary)
  21 kobolds
  4 kobold zombies (Ossuary)
  5 orc zombies (Ossuary)
  3 rats
268 creatures vanquished.

Vanquished Creatures (collateral kills)
  An orc wizard (D:8)
1 creature vanquished.

Vanquished Creatures (others)
  A wight (D:8)
  4 plants (D:10)
5 creatures vanquished.

Grand Total: 274 creatures vanquished

Notes
Turn   | Place    | Note
-------+----------+-------------------------------------------
     0 | D:1      | zazu2006 the Naga Hedge Wizard began the quest for the Orb.
     0 | D:1      | Reached XP level 1. HP: 15/15 MP: 4/4
   233 | D:1      | Reached XP level 2. HP: 22/22 MP: 3/6
   981 | D:1      | Reached XP level 3. HP: 28/28 MP: 2/8
  1485 | D:1      | Found a faded altar of an unknown god.
  2272 | D:2      | Reached XP level 4. HP: 36/36 MP: 6/9
  3105 | D:2      | Learned a level 3 spell: Mephitic Cloud
  3109 | D:2      | Learned a level 3 spell: Conjure Flame
  3112 | D:2      | Learned a level 2 spell: Blink
  3505 | D:3      | Reached XP level 5. HP: 30/43 MP: 1/11
  3823 | D:3      | Noticed an ogre
  3835 | D:3      | Killed an ogre
  3836 | D:3      | Reached skill level 1 in Poison Magic
  4126 | D:3      | Noticed Ijyb
  4157 | D:3      | Killed Ijyb
  4158 | D:3      | Reached XP level 6. HP: 40/50 MP: 11/13
  4273 | D:3      | Noticed Grinder
  4530 | D:3      | Killed Grinder
  4531 | D:3      | Reached skill level 1 in Fighting
  4531 | D:3      | Reached skill level 5 in Spellcasting
  4531 | D:3      | Reached skill level 1 in Evocations
  4531 | D:3      | Reached XP level 7. HP: 12/57 MP: 12/14
  4805 | D:4      | Found a sacrificial altar of Ru.
  5466 | D:5      | Entered Level 5 of the Dungeon
  5946 | D:5      | Found Paqyarch's Weapon Boutique.
  6098 | D:5      | Reached skill level 5 in Stealth
  6098 | D:5      | Reached XP level 8. HP: 60/64 MP: 5/16
  7291 | D:6      | Found a staircase to the Ecumenical Temple.
  7320 | Temple   | Entered the Ecumenical Temple
  7483 | D:6      | Reached skill level 5 in Conjurations
  8057 | D:6      | Reached skill level 1 in Air Magic
  8124 | D:7      | Found a sand-covered staircase.
  8139 | Ossuary  | Entered an ossuary
  8228 | Ossuary  | Reached XP level 9. HP: 52/74 MP: 17/19
  8664 | D:7      | Found Cumefas's Jewellery Emporium.
  8984 | D:8      | Found a flagged portal.
  8990 | Bailey   | Entered a bailey
 10209 | D:7      | Reached XP level 10. HP: 72/85 MP: 12/21
 11346 | D:8      | Found Jalasm's Antique Weapon Boutique.
 11757 | D:8      | Reached skill level 1 in Fire Magic
 11792 | D:8      | Found a bloodstained altar of Trog.
 11808 | D:8      | Found a shimmering blue altar of Sif Muna.
 11819 | D:8      | Got Sif Muna's Almanac of Arcane Weapons
 12231 | D:7      | Found Yholufru's Antique Armour Boutique.
 12499 | D:7      | Found Koch's General Store.
 12674 | D:7      | Reached skill level 1 in Long Blades
 12992 | D:7      | Bought a scroll of noise for 14 gold pieces
 12992 | D:7      | Bought a scroll of identify for 28 gold pieces
 13162 | D:9      | Noticed a two-headed ogre
 13163 | D:9      | Noticed bastard's ghost (journeyman KoBe)
 13163 | D:9      | Noticed a two-headed ogre
 13163 | D:9      | Noticed a two-headed ogre
 13164 | D:9      | Found a transporter.
 13165 | D:9      | Noticed a two-headed ogre
 13174 | D:9      | Found a staircase to the Lair.
 13195 | D:9      | Found Uxuunupnen's Self-Improvement Boutique.
 13220 | D:9      | Reached skill level 1 in Armour
 13442 | D:9      | Found a transporter.
 13526 | D:9      | Found a staircase to the Orcish Mines.
 14166 | D:10     | Entered Level 10 of the Dungeon
 14174 | D:10     | Reached XP level 11. HP: 75/88 MP: 20/23
 14260 | D:10     | Found a radiant altar of Vehumet.
 14273 | D:10     | Found Efoklex's General Store.
 14559 | D:10     | Became a worshipper of Vehumet
 14563 | D:10     | Found Avigid's Antique Weapon Boutique.
 14566 | D:10     | Bought an ancient scimitar for 279 gold pieces
 14566 | D:10     | Identified the +5 scimitar of Plunder {vorpal, rN+ Int+7
                  | Dex-4} (You bought it in a shop on level 10 of the Dungeon)
 14631 | D:10     | Reached skill level 5 in Dodging
 14758 | D:10     | Found Ceihic's Antique Armour Shop.
 14802 | D:10     | Found Kixzaqem's Weapon Emporium.
 14837 | D:10     | Noticed Snorg
 14840 | D:10     | Noticed Lodul
 14843 | D:10     | Killed from afar by Lodul

Illustrated notes

Levels and vault maps discovered:
D:1:      wander_arrival_abandoned_jail, layout_loops_cross,
          hellmonk_ecumenical_altar_prayer_group, minmay_misc_feat_room
D:2:      layout_basic, kennysheep_generic_room_10
D:3:      minmay_general_purpose_star, layout_loops_cross, uniq_ijyb,
          uniq_grinder
D:4:      layout_basic, nicolae_ru_great_annihilating_truth
D:5:      layout_loops_corners, serial_shops, nicolae_shop_crystal
D:6:      layout_gridville, minmay_temple_entry_slanted
D:7:      layout_cave_pools, enter_ossuary_1, serial_shops, shop,
          nicolae_inconvenience_store, shop, minmay_quadrilaterals
D:8:      layout_loops_corners, nzn_overflow_gifts_of_might_and_magic,
          enter_bailey_3, serial_shops, kennysheep_mini_moat,
          hangedman_decor_growths
D:9:      layout_rooms, lair_entry_dummy, erik_orc_3, gammafunk_ghost_smash,
          serial_curves, eino_curves_03, eino_curves_03, nicolae_shop_self_help
D:10:     layout_roguey, lemuel_tele_altar, serial_shops, nicolae_square_shop,
          nicolae_shop_behind_doors, nicolae_shop_trees, nicolae_shop_trees,
          shop, worms_lemuel, uniq_urug, uniq_lodul, uniq_snorg
Temple:   mainiacjoe_temple_coin_purse

Skill      XL: |  1  2  3  4  5  6  7  8  9 10 11 |
---------------+----------------------------------+-----
Dodging        | 2 3 4 5 |  5.0
Spellcasting   | 4 5 6 7 8 |  8.4
Conjurations   | 2 3 4 5 6 7 |  7.4
Poison Magic   | 1 3 4 |  4.9
Stealth        | 4 5 6 7 8 |  8.2
Fighting       | 1 2 3 4 |  4.9
Evocations     | 1 2 3 |  3.4
Air Magic      | 1 2 |  2.8
Fire Magic     | 1 |  1.0
Long Blades    | 3 4 |  4.2
Armour         | 2 |  2.8
Translocations | 2 |  2.0
Summonings     | |  1.0

Action                   |  1- 3 |  4- 6 |  7- 9 | 10-12 || total
-------------------------+-------+-------+-------+-------++-------
Melee: Dagger            |    33 |    39 |   312 |    16 ||   400
       Punch             |       |       |     7 |     1 ||     8
       Scimitar          |       |       |       |   149 ||   149
       Long sword        |       |       |       |    38 ||    38
 Cast: Magic Dart        |   100 |    67 |   206 |    94 ||   467
       Mephitic Cloud    |       |     1 |    30 |    24 ||    55
       Conjure Flame     |       |     1 |     3 |     7 ||    11
       Blink             |       |     1 |     2 |     3 ||     6
 Abil: Spit Poison       |    19 |    16 |    31 |     9 ||    75
Evoke: Wand              |       |    15 |    22 |    12 ||    49
  Use: Scroll            |       |       |    11 |     5 ||    16
       Potion            |       |       |     3 |     1 ||     4
 Stab: Confused          |       |     2 |    11 |    10 ||    23
       Sleeping          |       |     1 |     4 |       ||     5
       Distracted        |       |       |       |     1 ||     1
Armor: Robe              |     3 |     8 |    82 |    87 ||   180
Dodge: Dodged            |    25 |    16 |   209 |   182 ||   432

Table legend: (Time is in decaauts)
 A = Elapsed time spent in this place.
 B = Non-inter-level travel time spent in this place.
 C = Inter-level travel time spent in this place.
 D = Time resting spent in this place.
 E = Time spent auto-exploring this place.
 F = Levels seen in this place.
 G = Mean time per level.
                   A        B        C        D        E       F      G
               +--------+--------+--------+--------+--------+-----+--------+
         Total |  17607 |  17063 |    544 |    789 |  12829 |  13 | 1354.4 |
       Dungeon |  15820 |  15296 |    524 |    651 |  11800 |  10 | 1582.0 |
        Temple |    155 |    136 |     19 |      0 |    117 |   1 |  155.0 |
       Ossuary |    509 |    509 |      0 |      0 |    259 |   1 |  509.0 |
        Bailey |   1122 |   1122 |      0 |    138 |    652 |   1 | 1122.0 |
               +--------+--------+--------+--------+--------+-----+--------+

Top non-repeatable levels by time:
     D:8: 2191 daAuts
     D:3: 1936 daAuts
     D:7: 1884 daAuts
     D:1: 1825 daAuts
     D:2: 1809 daAuts
     D:6: 1746 daAuts
     D:5: 1542 daAuts
     D:9: 1313 daAuts
  Bailey: 1122 daAuts
     D:4: 858 daAuts
    D:10: 711 daAuts
 Ossuary: 509 daAuts
  Temple: 155 daAuts
